AoeStats
← JMA

Arabia

510196810Analyzed
2v2 RM · 16h ago on Sep 29, 2026· 37m 42s· 4 players
Game mode
Random Map
Map size
Medium (4 player)
Population
200
Speed
Normal
Resources
Standard
Victory
Conquest
Starting age
Dark Age
Ending age
Imperial Age
RankedLock teamsTeams togetherTeam positionsShared explorationLock speedFull tech treeHidden civsTurbo modeCheats
Victory
Defeat
🇸🇦 Portuguese · Saudi Arabia
839
+16
🇸🇦 Saracens · Saudi Arabia
837
+16
🇦🇷 Bulgarians · Argentina
838
-16
🇦🇷 Byzantines · Argentina
829
-16
JMA
9:29 Loom
11:57 Feudal Age
13:46 Double-Bit Axe
14:31 Gold Mining
19:27 Castle Age
23:32 Stone Mining
27:15 Bow Saw
34:38 Imperial Age
31:34 Elite Skirmisher
32:05 Horse Collar
33:03 Fletching
33:13 Padded Archer Armor
34:09 Heavy Plow
35:03 Thumb Ring
35:45 Conscription
37:21 Chemistry
TATALONGO II
3:25 Loom
11:32 Feudal Age
12:06 Double-Bit Axe
15:55 Scale Mail Armor
17:55 Arson
24:35 Castle Age
24:40 Pikeman
28:25 Fletching
28:47 Forging
29:21 Gambesons
31:03 Bodkin Arrow
36:26 Town Watch
37:20 Light Cavalry
38:13 Bloodlines
xxKAREEMxx72
14:11 Feudal Age
16:09 Double-Bit Axe
17:02 Horse Collar
20:22 Castle Age
20:22 Loom
22:28 Scale Barding Armor
22:36 Bloodlines
25:06 Bow Saw
24:59 Heavy Plow
30:38 Wheelbarrow
32:46 Hand Cart
HA3ERINO
2:30 Loom
11:21 Feudal Age
21:57 Wheelbarrow
24:52 Castle Age
22:52 Double-Bit Axe
22:48 Horse Collar
27:42 Ballistics
27:36 Fortified Wall
30:24 Imperial Age
29:07 Fletching
30:16 Bodkin Arrow
31:33 Murder Holes
32:48 Ballistics
33:52 Elite Organ Gun
35:38 Chemistry
36:02 Bracer
38:03 Masonry
Connection lost

Rejoining the realm…

Still unreachable

The connection could not be restored.

Session expired

The server has moved on; the page needs a fresh start.